Map: Frozen Temple

Players

Chammy (Cham)

  • Race: Zerg Zerg
  • League: Grandmaster
  • Spawn Location: 11:00

Kelazhur - Winner!

  • Race: Terran Terran
  • League: Master
  • Spawn Location: 5:00

Event: Copa América 2016 Grand Finals

VOD

Have the link to the VOD?

Description

Time

  • Played on: Oct. 14, 2016, 5 p.m.
  • Length: 9:38

All games in this series

Show
View Real Time Build Order
Export as new Build Order

Chammy Zerg 

Build Orders: Pool First 

Get SALT Encoding   

  12  0:00  Drone  
  13  0:07  Drone  
  14  0:17  Overlord  
  14  0:36  Drone x2  
  14  0:37  Drone  
  17  0:43  Spawning Pool  
  17  0:48  Drone  
  17  1:08  Hatchery  
  17  1:11  Drone  
  17  1:14  Extractor  
  17  1:16  Drone  
  17  1:21  Drone  
  18  1:31  Zergling x2  
  18  1:32  Queen  
  21  1:41  Drone  
  22  1:56  Overlord  
  22  2:04  Roach Warren, Drone  
  22  2:14  Queen  
  24  2:15  Drone  
  24  2:21  Drone  
  26  2:28  Queen  
  26  2:29  Drone  
  29  2:35  Drone  
  28  2:45  Roach x3  
  34  2:53  Roach  
  36  3:00  Overlord  
  36  3:01  Overlord  
  36  3:25  Drone  
  36  3:26  Drone x3  
  44  3:27  Ravager, Roach x2  
  45  3:38  Roach x2  
  45  3:39  Roach  
  51  3:42  Overlord  
  51  3:47  Drone  
  52  4:01  Drone x2  
  52  4:02  Ravager  
  55  4:03  Drone  
  55  4:05  Overlord  
  56  4:12  Drone  
  56  4:15  Drone x4  
  59  4:18  Drone  
  56  4:38  Roach x2  
  56  4:39  Roach x2  
  56  4:43  Drone x4  
  56  4:44  Overlord  
  68  4:47  Extractor x2  
  68  4:49  Extractor, Overlord  
  68  4:50  Drone  
  62  5:06  Drone x3  
  62  5:09  Lair  
  62  5:12  Drone x4  
  62  5:13  Overlord  
  66  5:14  Drone  
  66  5:15  Drone  
  68  5:21  Hatchery  
  68  5:25  Evolution Chamber  
  64  5:33  Drone  
  64  5:34  Drone  
  64  5:40  Roach x2  
  64  5:42  Drone x3  
  69  5:49  Roach x2  
  73  5:54  Drone  
  74  5:59  Zerg Ground Armor Level 1, Drone  
  75  6:05  Overlord  
  75  6:12  Drone  
  75  6:15  Glial Reconstitution  
  75  6:18  Overlord, Ravager  
  77  6:19  Drone x3  
  77  6:23  Overlord  
  80  6:26  Roach  
  82  6:36  Roach x2  
  82  6:38  Roach  
  90  6:43  Queen  
  90  6:44  Roach x3  
  95  6:52  Overlord  
  95  6:53  Overlord  
  92  6:57  Roach x3  
  98  7:01  Ravager  
  97  7:10  Overlord, Roach  
  97  7:11  Hatchery  
  97  7:13  Roach  
  96  7:18  Overlord  
  96  7:21  Roach x2  
  97  7:28  Overlord  
  97  7:31  Roach x2  
  101  7:38  Roach  
  101  7:39  Burrow  
  101  7:42  Drone x2  
  105  7:54  Tunneling Claws  
  105  7:55  Roach  
  105  7:56  Roach x2  
  111  7:59  Ravager  
  111  8:00  Overlord  
  111  8:03  Overlord  
  112  8:06  Roach  
  112  8:08  Roach  
  112  8:12  Roach  
  118  8:14  Roach  
  118  8:17  Overlord  
  120  8:22  Roach x2  
  120  8:26  Queen  
  126  8:29  Roach  
  128  8:35  Overlord  
  128  8:38  Roach  
  128  8:39  Roach  
  128  8:41  Roach  
  134  8:42  Roach  
  134  8:44  Roach  
  126  8:52  Roach x2  
  126  8:53  Roach  
  111  8:58  Roach x2  
  110  9:07  Roach x2  
  103  9:14  Roach  
  103  9:16  Roach  
Show
View Real Time Build Order
Export as new Build Order

Kelazhur Terran - Winner!

Build Orders: MMM Bio 

Get SALT Encoding   

  12  0:00  SCV  
  13  0:12  SCV  
  14  0:17  Supply Depot  
  14  0:24  SCV  
  15  0:39  SCV  
  15  0:40  Barracks  
  16  0:43  Refinery  
  16  0:51  SCV  
  17  0:58  Barracks  
  17  1:04  SCV  
  18  1:16  SCV  
  19  1:20  Barracks  
  19  1:26  Reaper  
  19  1:30  Refinery  
  20  1:40  Orbital Command  
  20  1:45  Reaper  
  21  1:55  Supply Depot  
  21  2:00  Reaper  
  22  2:07  Reaper  
  23  2:17  Reaper, SCV  
  23  2:21  Supply Depot  
  25  2:29  SCV  
  26  2:32  Reaper  
  27  2:39  Reaper  
  27  2:41  SCV  
  29  2:47  Supply Depot  
  29  2:50  Reaper  
  30  2:53  SCV  
  31  3:04  Reaper  
  31  3:05  SCV  
  33  3:12  Reaper  
  34  3:18  Command Center  
  34  3:25  Reaper  
  34  3:26  SCV  
  36  3:36  Reaper  
  36  3:38  SCV  
  38  3:51  Barracks Tech Lab  
  38  3:54  Factory  
  38  4:06  Barracks Reactor  
  38  4:15  SCV  
  38  4:19  Stimpack  
  38  4:21  Barracks Reactor  
  38  4:22  Marine  
  38  4:23  Command Center  
  38  4:39  SCV  
  38  4:42  Orbital Command  
  38  4:44  Marine x3  
  41  4:46  Starport  
  41  4:49  Factory Reactor  
  41  4:51  SCV  
  41  5:02  Marine x3  
  41  5:03  SCV  
  43  5:09  Marine x2  
  43  5:10  SCV  
  46  5:15  Supply Depot, SCV  
  46  5:20  Marine  
  48  5:22  Marine x2, SCV  
  51  5:32  SCV  
  52  5:36  Marine x2, Medivac  
  52  5:37  Medivac  
  52  5:41  SCV  
  60  5:43  Orbital Command  
  60  5:44  Marine x2  
  60  5:45  Marine  
  61  5:54  Marine, SCV  
  61  5:55  Marine  
  61  5:56  Factory Tech Lab  
  64  5:57  SCV  
  64  5:58  Supply Depot  
  64  6:03  Marine x2  
  64  6:04  Marine  
  67  6:07  Orbital Command  
  68  6:12  SCV  
  68  6:16  Marine, Marauder  
  72  6:19  Siege Tank  
  72  6:20  Engineering Bay, Refinery, SCV  
  72  6:21  Engineering Bay, Refinery  
  72  6:24  SCV  
  77  6:25  Supply Depot  
  77  6:28  Marine x2  
  78  6:35  Combat Shields  
  78  6:37  SCV  
  79  6:49  Marine  
  79  6:50  SCV  
  79  6:54  Siege Tank  
  79  6:56  SCV x2  
  84  7:02  SCV  
  84  7:08  SCV x2  
  84  7:11  Marine  
  84  7:13  Marine x2  
  84  7:14  Marine x2, SCV  
  90  7:17  Barracks x2  
  90  7:20  SCV x2  
  90  7:21  Supply Depot  
  90  7:22  Terran Infantry Weapons Level 1  
  92  7:23  Terran Infantry Armor Level 1  
  92  7:26  SCV  
  92  7:29  Marine, Supply Depot, Medivac  
  96  7:32  SCV x2  
  96  7:33  Marine  
  99  7:37  Marine x2  
  99  7:39  Missile Turret  
  99  7:43  Medivac, SCV  
  104  7:44  SCV  
  104  7:45  Supply Depot, SCV  
  104  7:53  Armory  
  104  7:55  SCV  
  104  7:56  Marine x2, Supply Depot, Marauder  
  104  7:57  Marine  
  110  7:59  SCV  
  110  8:00  SCV  
  110  8:04  Siege Tank  
  115  8:07  SCV  
  115  8:08  Barracks Reactor  
  115  8:10  Barracks Tech Lab  
  115  8:11  Marine, SCV  
  118  8:13  Marine  
  118  8:14  SCV  
  118  8:16  Supply Depot  
  118  8:19  SCV  
  121  8:20  Supply Depot  
  121  8:24  Medivac  
  121  8:26  SCV  
  124  8:30  Refinery  
  124  8:31  Medivac  
  128  8:34  Marine x3, Marauder x2  
  128  8:37  Marine  
  128  8:40  Supply Depot  
  134  8:43  Supply Depot  
  127  8:52  Marine  
  114  8:55  Marine  
  114  8:56  Marine x4, Marauder  
  114  8:57  Marauder  
  120  9:05  SCV x2  
  120  9:09  Marine  
  106  9:13  Marine  
  106  9:15  Marine x3  
Tags
 
Add a new tag
Caveats
  • Supply blocks, unpowered buildings, or Contaminate may cause inaccurate times.
  • Supply counts are checked every 10 seconds.